 Dungeon Crawl Stone Soup version 0.18.1-5-g4a78601 (webtiles) character file.

33450 Ijustatesigmund the Severer (level 13, -7/123 HPs)
             Began as a Hill Orc Fighter on May 14, 2016.
             Was an Elder of Okawaru.
             Mangled by a hill giant
             ... wielding a +0 giant club
              (12 damage)
             ... on level 12 of the Dungeon.
             The game lasted 01:01:12 (16802 turns).

Ijustatesigmund the Severer (Hill Orc Fighter)     Turns: 16802, Time: 01:01:13

Health: -7/123     AC: 20    Str: 20    XL:     13   Next: 71%
Magic:  19/19      EV:  2    Int: 11    God:    Okawaru [****..]
Gold:   25         SH: 13    Dex: 14    Spells: 0 memorised, 12 levels left

rFire  . . .     SeeInvis .     v - +5 war axe (freeze)
rCold  . . .     Gourm    .     z - +6 chain mail of the Crypt {rCorr Int+3}
rNeg   . . .     Faith    .     J - +2 large shield {AC+3}
rPois  .         Spirit   .     n - +0 helmet
rElec  .         Dismiss  .     (no cloak)
rCorr  +         Reflect  .     (no gloves)
SustAt .         Harm     .     d - +1 pair of boots {Fly}
MR     .....                    (no amulet)
Stlth  ..........               (no ring)
                                m - ring of flight

@: very heavily drained, not resistant to hostile enchantments, extremely
unstealthy
A: no striking features
a: Heroism, Renounce Religion, Evoke Flight


You were on level 12 of the Dungeon.
You worshipped Okawaru.
Okawaru was greatly pleased with you.
You were not hungry.

You visited 2 branches of the dungeon, and saw 14 of its levels.
You also visited: Sewer.

You collected 809 gold pieces.
You spent 784 gold pieces at shops.

Inventory:

Hand Weapons
 a - a +2 war axe
 v - a +5 war axe of freezing (weapon)
Missiles
 e - 6 javelins (quivered)
 h - 11 javelins of penetration
 A - 3 silver javelins
Armour
 c - the +5 scale mail "Axutwilu" {rF+ Str+4, unknown}
   (You found it on level 11 of the Dungeon)

   It affects your strength (+4).
   It protects you from fire.
 d - a +1 pair of boots of flying (worn)
 n - a +0 helmet (worn)
 z - the +6 chain mail of the Crypt (worn) {rCorr Int+3}
   (You found it on level 6 of the Dungeon)

   It affects your intelligence (+3).
   It protects you from acid and corrosion.
 J - a +2 large shield of protection (worn)
Jewellery
 k - a +1 ring of protection {unknown}
 m - a ring of flight (left hand)
Wands
 x - a wand of lightning (1/15)
 y - a wand of heal wounds (0/9)
Scrolls
 j - 2 scrolls of amnesia
 q - 5 scrolls of remove curse
 w - 2 scrolls of magic mapping
 I - 3 scrolls of identify
Potions
 g - 3 potions of brilliance
 i - 2 potions of lignification
 l - 2 potions of curing
 r - 2 potions of flight
 u - 4 potions of magic
Books
 b - a book of the Earth

   Spells                             Type                      Level
   a - Leda's Liquefaction            Hexes/Earth                  4
   b - Bolt of Magma                  Conjuration/Fire/Earth       5
   c - Statue Form                    Transmutation/Earth          6
   d - Iron Shot                      Conjuration/Earth            6
   e - Shatter                        Earth                        9
 B - an Akashic Record

   Spells                             Type                      Level
   a - Dispersal                      Translocation                6
   b - Malign Gateway                 Summoning/Translocation      7
   c - Disjunction                    Translocation                8
   d - Controlled Blink               Translocation                8
 D - a book of Callings

   Spells                             Type                      Level
   a - Summon Small Mammal            Summoning                    1
   b - Call Imp                       Summoning                    2
   c - Call Canine Familiar           Summoning                    3
   d - Summon Guardian Golem          Hexes/Summoning              3
   e - Summon Lightning Spire         Summoning/Air                4
   f - Summon Ice Beast               Ice/Summoning                4
Comestibles
 f - 4 bread rations
 p - 2 meat rations
 t - 2 fruits
 H - 7 slices of pizza


   Skills:
 + Level 13.9(0.0) Fighting
 - Level 17.3(0.0) Axes
 - Level 2.3(0.0) Throwing
 + Level 6.6(0.0) Armour
 - Level 3.0(0.0) Dodging
 - Level 9.1(0.0) Shields
 - Level 8.6(0.0) Invocations


You had 12 spell levels left.
You didn't know any spells.

Dungeon Overview and Level Annotations

Branches:
Dungeon (12/15)            Temple (0/1) D:4            Lair (2/8) D:11
    Orc (0/2) D:12

Altars:
Ashenzari
Cheibriados
Dithmenos
Elyvilon
Fedhas
Gozag
Kikubaaqudgha
Makhleb
Okawaru
Pakellas
Ru
Sif Muna
Trog
Vehumet
Xom
Yredelemnul
Zin
The Shining One

Shops:
D:6 *   D:12 !


Message History

The hill giant is heavily wounded.
You hit the gargoyle but do no damage.
The gargoyle is moderately damaged.
The gargoyle hits you with a dire flail.
* * * LOW HITPOINT WARNING * * *
You block the hill giant's attack.
You hit the hill giant. You freeze the hill giant.
The hill giant is heavily wounded.
Your shield prevents you from hitting the gargoyle.
The gargoyle is moderately damaged.
The gargoyle hits you with a dire flail!
* * * LOW HITPOINT WARNING * * *
You block the hill giant's attack.
The gargoyle hits you but does no damage.
You hit the hill giant. You freeze the hill giant.
The hill giant is heavily wounded.
You hit the gargoyle but do no damage.
The gargoyle is moderately damaged.
The hill giant hits you with a giant club!
You die...

.. .# .# .#........#
####### .#........#
......# .#........#
......# .#........#
......#
.#........#######9.....#
.# .......'.....@......#
######....#.....C......#
.....#....#............#
.....#....'............#
.....#....#)....#......#
.....'....#.....#......#
.....#....#.....#......#
.....#....#.....#......#
.....#....#.....# .....


You could see a hill giant and a gargoyle.

Vanquished Creatures
  A sphinx (D:10)
  An ettin (D:10)
  The ghost of Hipnos the Nimble, a novice HOBe of Trog (D:8)
  Sonja (D:11)
  2 hill giants
  An orc knight (D:10)
  A cyclops (D:11)
  A manticore (D:11)
  An ugly thing (D:11)
  The ghost of Ijustatesigmund the Skirmisher, a novice HOFi (D:4)
  A komodo dragon (Lair:1)
  A troll (D:12)
  2 two-headed ogres (D:9)
  4 blink frogs (Lair:1)
  Sigmund (D:6)
  A vampire (D:12)
  8 yaks
  A wyvern (D:8)
  A human (D:8)
  A wraith (D:11)
  Grum (D:11)
  2 hippogriffs (Lair:1)
  A basilisk (D:12)
  2 hungry ghosts
  4 water moccasins
  2 porcupines
  A black bear (D:9)
  4 ice beasts
  2 orc warriors
  3 sky beasts
  A necrophage (D:7)
  A wasp (D:10)
  4 ogres
  2 phantoms
  4 wolves (D:11)
  9 centaurs
  5 crocodiles
  A gnoll sergeant (D:9)
  13 giant frogs
  5 big kobolds
  2 wyvern skeletons
  2 scorpions
  A water moccasin skeleton (D:5)
  13 wights
  12 killer bees
  8 howler monkeys
  3 jellies
  9 crimson imps
  7 hounds
  2 centaur zombies
  8 orc priests
  A centaur skeleton (D:8)
  2 giant frog skeletons
  15 orc wizards
  9 iguanas
  6 worker ants
  A killer bee zombie (D:5)
  8 sheep
  A hound skeleton (D:7)
  3 gnolls (D:9)
  A worker ant zombie (D:5)
  11 adders
  9 river rats
  3 shadow imps
  An ooze (D:2)
  An adder zombie (D:6)
  An adder skeleton (D:5)
  3 worms
  3 dart slugs (D:3)
  11 giant geckos
  48 orcs
  7 bats
  7 giant cockroaches
  8 goblins
  10 hobgoblins
  8 jackals
  3 quokkas
  2 ball pythons
  A giant gecko skeleton (D:6)
  A giant gecko zombie (D:7)
  4 giant newts
  30 kobolds
  A quokka zombie (D:5)
  8 rats
  A fungus (Lair:1)
395 creatures vanquished.

Vanquished Creatures (others)
  2 fungi (D:4)
2 creatures vanquished.

Grand Total: 397 creatures vanquished

Notes
Turn   | Place    | Note
--------------------------------------------------------------
     0 | D:1      | Ijustatesigmund the Hill Orc Fighter began the quest for the Orb.
     0 | D:1      | Reached XP level 1. HP: 19/19 MP: 1/1
    81 | D:1      | Reached skill level 3 in Axes
   245 | D:1      | Reached XP level 2. HP: 27/27 MP: 2/2
   924 | D:2      | Reached skill level 4 in Axes
   924 | D:2      | Reached XP level 3. HP: 20/33 MP: 3/3
  1634 | D:2      | Reached XP level 4. HP: 36/41 MP: 4/4
  2025 | D:3      | Reached skill level 5 in Axes
  2084 | D:3      | Found an iron altar of Okawaru.
  2096 | D:3      | Became a worshipper of Warmaster Okawaru
  2421 | D:3      | Reached skill level 1 in Invocations
  2421 | D:3      | Reached XP level 5. HP: 37/47 MP: 5/5
  2872 | D:4      | Found a staircase to the Ecumenical Temple.
  2928 | D:4      | Found a blossoming altar of Fedhas.
  3082 | D:4      | Found a glowing drain.
  3125 | Sewer    | Entered a sewer
  3139 | Sewer    | Reached skill level 5 in Fighting
  3146 | Sewer    | Reached skill level 6 in Axes
  3327 | Sewer    | Noticed a big kobold
  3344 | Sewer    | Killed a big kobold
  3344 | Sewer    | Reached XP level 6. HP: 46/56 MP: 7/7
  3421 | Sewer    | Found a white marble altar of Elyvilon.
  3533 | D:4      | Reached skill level 7 in Axes
  3683 | D:4      | Noticed Ijustatesigmund's ghost (novice HOFi)
  3699 | D:4      | Killed Ijustatesigmund's ghost
  3699 | D:4      | Reached * piety under Okawaru
  3699 | D:4      | Reached skill level 8 in Axes
  3699 | D:4      | Reached XP level 7. HP: 43/64 MP: 8/8
  3953 | D:4      | Reached ** piety under Okawaru
  3953 | D:4      | Reached skill level 9 in Axes
  4194 | D:4      | Reached XP level 8. HP: 46/71 MP: 10/10
  4457 | D:5      | Entered Level 5 of the Dungeon
  4759 | D:5      | Reached skill level 10 in Axes
  4979 | D:5      | You fall through a shaft for 2 floors!
  5020 | D:7      | Found a sacrificial altar of Ru.
  5023 | D:7      | Found a radiant altar of Vehumet.
  5029 | D:7      | Reached skill level 1 in Dodging
  5031 | D:7      | Found an iron altar of Okawaru.
  5032 | D:7      | Found an opulent altar of Gozag.
  5033 | D:7      | Found a basalt altar of Yredelemnul.
  5033 | D:7      | Found a shimmering altar of Xom.
  5033 | D:7      | Found a shattered altar of Ashenzari.
  5033 | D:7      | Found a blossoming altar of Fedhas.
  5033 | D:7      | Found a burning altar of Makhleb.
  5034 | D:7      | Found a deep blue altar of Sif Muna.
  5035 | D:7      | Found an oddly glowing altar of Pakellas.
  5036 | D:7      | Found a snail-covered altar of Cheibriados.
  5037 | D:7      | Found a white marble altar of Elyvilon.
  5038 | D:7      | Found a glowing silver altar of Zin.
  5241 | D:5      | Reached *** piety under Okawaru
  5377 | D:5      | Reached XP level 9. HP: 62/79 MP: 12/12
  5609 | D:6      | Found an ancient bone altar of Kikubaaqudgha.
  5738 | D:6      | Noticed Sigmund
  5750 | D:6      | Killed Sigmund
  5750 | D:6      | Reached skill level 11 in Axes
  5760 | D:6      | Found Otaec's General Store.
  5966 | D:6      | Got a shimmering chain mail
  5977 | D:6      | Identified the +6 chain mail of the Crypt {rCorr Int+3} (You found it on level 6 of the Dungeon)
  6523 | D:7      | Reached skill level 5 in Armour
  6598 | D:7      | Reached skill level 5 in Shields
  7197 | D:8      | Reached **** piety under Okawaru
  7332 | D:8      | Reached skill level 5 in Invocations
  7533 | D:8      | Reached skill level 12 in Axes
  7556 | D:8      | Noticed Hipnos's ghost (novice HOBe)
  7578 | D:8      | Killed Hipnos's ghost
  7578 | D:8      | Reached ***** piety under Okawaru
  7578 | D:8      | Reached XP level 10. HP: 90/90 MP: 14/14
  7596 | D:8      | Received a gift from Okawaru
  7743 | D:9      | Reached skill level 1 in Throwing
  8681 | D:10     | Entered Level 10 of the Dungeon
  8698 | D:10     | Found a snail-covered altar of Cheibriados.
  8753 | D:10     | Received a gift from Okawaru
  8761 | D:10     | Reached skill level 13 in Axes
  8826 | D:10     | Paralysed by a wasp for 1 turns
  9028 | D:10     | Received a gift from Okawaru
  9074 | D:10     | Found a glowing golden altar of the Shining One.
  9074 | D:10     | Noticed a sphinx
  9075 | D:10     | Noticed an ettin
  9450 | D:10     | Found a bloodstained altar of Trog.
  9452 | D:10     | Noticed a manticore
  9454 | D:10     | Noticed an orc knight
  9469 | D:10     | Killed an ettin
  9469 | D:10     | Reached XP level 11. HP: 84/99 MP: 9/17
  9473 | D:10     | Killed an orc knight
  9473 | D:10     | Reached skill level 14 in Axes
  9590 | D:10     | Noticed a hill giant
  9603 | D:10     | Killed a hill giant
  9945 | D:10     | Paralysed by a sphinx for 2 turns
  9953 | D:10     | Killed a sphinx
  9953 | D:10     | Received a gift from Okawaru
  9953 | D:10     | Reached skill level 15 in Axes
 10253 | D:11     | Noticed Sonja
 10333 | D:11     | Noticed a green ugly thing
 10478 | D:11     | Killed a purple ugly thing
 10482 | D:11     | Found a staircase to the Lair.
 10553 | D:11     | Got a faintly glowing scale mail
 10785 | D:11     | Found a shadowy altar of Dithmenos.
 10855 | D:11     | Noticed a manticore
 10881 | D:11     | Killed a manticore
 10954 | Lair:1   | Entered Level 1 of the Lair of Beasts
 11738 | Lair:1   | Reached skill level 16 in Axes
 12068 | Lair:1   | Found a glowing golden altar of the Shining One.
 12343 | Lair:1   | Reached XP level 12. HP: 93/106 MP: 18/18
 13533 | Lair:2   | Noticed a four-headed hydra
 13602 | D:11     | Killed Sonja
 13999 | D:11     | Reached skill level 17 in Axes
 14139 | D:11     | Noticed Grum
 14240 | D:11     | Killed Grum
 14873 | D:12     | Reached skill level 10 in Fighting
 15287 | D:12     | Received a gift from Okawaru
 16387 | D:12     | Found Ticseis's Distillery.
 16415 | D:12     | Bought a potion of experience for 700 gold pieces
 16415 | D:12     | Bought 2 potions of curing for 84 gold pieces
 16415 | D:12     | Reached XP level 13. HP: 68/123 MP: 19/19
 16650 | D:12     | Found a staircase to the Orcish Mines.
 16801 | D:12     | HP: 4/123 [gargoyle/dire flail (14)]
 16802 | D:12     | Mangled by a hill giant

Skill      XL: |  1  2  3  4  5  6  7  8  9 10 11 12 |
---------------+-------------------------------------+-----
Axes           | 3 4 5 6 8 9 10 12 13 16 17 | 17.3
Fighting       | 4 5 6 7 8 9 13 | 13.9
Invocations    | 1 2 3 4 6 8 |  8.6
Dodging        | 1 3 |  3.0
Armour         | 4 5 6 |  6.6
Shields        | 4 5 8 9 |  9.1
Throwing       | 2 |  2.3

Action                   |  1- 3 |  4- 6 |  7- 9 | 10-12 | 13-15 || total
-------------------------+-------+-------+-------+-------+-------++-------
Melee: War axe           |   106 |   263 |   371 |  1008 |    39 ||  1787
Throw: Javelin           |       |    10 |    11 |    33 |       ||    54
Invok: Heroism           |       |       |       |    14 |       ||    14
       Finesse           |       |       |       |     6 |     1 ||     7
 Abil: Stop Flying       |       |       |       |     1 |       ||     1
Evoke: Wand              |       |       |       |    16 |       ||    16
  Use: Scroll            |     5 |     7 |     9 |    11 |       ||    32
       Potion            |       |     4 |     1 |    15 |     1 ||    21
 Stab: Invisible         |       |       |       |     1 |       ||     1
  Eat: Chunk             |     2 |     7 |     8 |     8 |       ||    25
       Fruit             |       |     1 |     2 |    10 |       ||    13
       Beef jerky        |       |       |     2 |     5 |       ||     7
       Bread ration      |       |       |       |     4 |       ||     4
       Pizza             |       |       |       |     2 |       ||     2
       Meat ration       |       |       |       |     2 |       ||     2
Armor: Scale mail        |    68 |    94 |    16 |       |       ||   178
       Chain mail        |       |       |   150 |  1222 |    56 ||  1428
Dodge: Dodged            |    52 |    67 |    54 |   204 |     6 ||   383
Block: Shield            |    61 |   138 |   117 |    61 |       ||   377
       Large shield      |       |       |       |  1134 |    41 ||  1175
